 Dungeon Crawl Stone Soup version 0.16-a0-4072-gc5a8185 (webtiles) character file.

355641 debo the Slayer (level 21, -7/218 HPs)
             Began as a Minotaur Berserker on Feb 16, 2015.
             Was the Champion of Trog.
             Mangled by a titan (34 damage)
             ... on level 4 of the Vaults on Feb 21, 2015.
             The game lasted 08:29:35 (59125 turns).

debo the Slayer (Minotaur Berserker)               Turns: 59125, Time: 08:29:35

Health: -7/218     AC: 34    Str: 23      XL:     21   Next: 38%
Magic:  25/25      EV: 16    Int:  2 (4)  God:    Trog [******]
Gold:   2390       SH:  0    Dex: 19      Spells: 0 memorised, 20 levels left

rFire  + . .     SeeInvis .     W - +9 lajatang (vamp)
rCold  + . .     Clarity  .     L - +3 plate armour {rC+}
rNeg   . . .     SustAb   .     (no shield)
rPois  +         Gourm    .     i - +2 hat {MR+}
rElec  .         Spirit   .     u - +2 cloak {rPois}
rCorr  +         Warding  .     V - +2 pair of gloves
rMut   .         Stasis   .     N - +0 pair of boots
MR     +++..                    m - amulet of resist corrosion
Stlth  ..........               T - ring of protection from fire
                                y - ring of protection from magic

@: exhausted, very slightly contaminated, hasted and slowed, extremely resistant
to hostile enchantments, extremely unstealthy
A: retaliatory headbutt, horns 2
a: Burn Spellbooks, Berserk, Trog's Hand, Brothers in Arms, Renounce Religion
}: 2/15 runes: decaying, gossamer


You were on level 4 of the Vaults.
You worshipped Trog.
Trog was exalted by your worship.
You were near starving.

You visited 7 branches of the dungeon, and saw 42 of its levels.
You visited the Abyss 1 time.
You also visited: Bailey and Ice Cave.

You collected 4850 gold pieces.
You spent 2460 gold pieces at shops.

Inventory:

Hand weapons
 s - a +5 antimagic lajatang
 W - a +9 vampiric lajatang (weapon)
Missiles
 F - 13 javelins of penetration (quivered)
 M - 8 poisoned javelins
 X - 6 silver javelins
Armour
 i - a +2 hat of magic resistance (worn)
 u - a +2 cloak of poison resistance (worn)
 C - the +1 hat of the Accordion {rElec}
   (You found it on level 4 of the Vaults)

   It insulates you from electricity.
 L - a +3 plate armour of cold resistance (worn)
 N - a +0 pair of boots (worn)
 V - a +2 pair of gloves (worn)
Jewellery
 m - an amulet of resist corrosion (around neck)
 n - an uncursed ring of protection from cold
 y - a ring of protection from magic (left hand)
 K - an uncursed ring of flight
 T - a ring of protection from fire (right hand)
 Y - a +3 ring of evasion
Magical devices
 g - a wand of digging (13)
 j - a wand of cold (4)
 r - a wand of fire (5)
 w - a wand of heal wounds (7)
 x - a wand of disintegration (10)
 G - a wand of teleportation (2)
 H - a wand of digging (16)
 J - a wand of lightning (4)
 O - a wand of heal wounds (5)
 U - a wand of fireball (5)
Scrolls
 b - 24 scrolls of remove curse
 h - 16 scrolls of teleportation
 q - 7 scrolls of fog
 t - 4 scrolls of recharging
 v - 11 scrolls of fear
 E - a scroll of silence
 P - 4 scrolls of magic mapping
 Q - a scroll of holy word
 Z - 3 scrolls of identify
Potions
 a - 2 potions of cancellation
 d - 2 potions of cure mutation
 e - 8 potions of restore abilities
 k - 4 potions of agility
 o - 4 potions of haste
 p - 4 potions of resistance
 A - 13 potions of curing {haste}
 B - 5 potions of might
 I - 2 potions of invisibility
 R - 5 potions of heal wounds
 S - 3 potions of flight
Miscellaneous
 z - a stone of tremors
Comestibles
 c - 23 bread rations {!! Warn}
 f - 8 meat rations


   Skills:
 + Level 25.4 Fighting
   Level 12.3(18.9) Maces & Flails
 + Level 22.8(23.6) Staves
 - Level 7.0 Throwing
 - Level 21.1 Armour
 - Level 12.0 Dodging
 - Level 7.0 Evocations


You had 20 spell levels left.
You didn't know any spells.

Dungeon Overview and Level Annotations

Branches:
Dungeon (14/15)            Temple (0/1) D:4            Lair (8/8) D:9
  Swamp (5/5) Lair:4       Spider (5/5) Lair:4        Slime (0/6) Lair:8
    Orc (4/4) D:11            Elf (1/3) Orc:4        Vaults (5/5) D:14
  Crypt (0/3) Vaults:2

Altars:
Cheibriados
Dithmenos
Fedhas
Gozag
Nemelex Xobeh
Ru
Sif Muna
Trog
Vehumet
Xom
Zin
Beogh

Shops:
D:9 (   Orc:2 }   Orc:3 !([=!   Orc:4 (}=}   Vaults:1 *   Vaults:4 :

Portals:
Trove: D:12 (show slimy rune of Zot)

Annotations:
D:14 exclusion: Roxanne, Roxanne


Innate Abilities, Weirdness & Mutations

You reflexively headbutt those who attack you in melee.
You have a pair of horns on your head.


Message History

The titan hits you but does no damage.
The titan gestures at you while chanting.
The bolt of lightning misses you.
You are very lightly contaminated with residual magic.
Unknown command.
The sphinx hits you but does no damage. x3
You slice the sphinx!!
You feel better.
The sphinx is moderately wounded.
You slice the sphinx!!
The sphinx is severely wounded.
The sphinx barely misses you. You furiously retaliate!
You headbutt the sphinx, but do no damage.
The sphinx hits you but does no damage. The sphinx closely misses you.
The titan hits you!!
* * * LOW HITPOINT WARNING * * *
You slice the titan!! You headbutt the titan!
The titan is heavily wounded.
The sphinx completely misses you. The sphinx hits you but does no damage.
The sphinx closely misses you. The titan hits you!!
You die...

≈...≈≈##...#...#)..##............
#'######...##.#')..#######[######
..## #...#.#.#)..#.......#
...########.#.######.......#
..#...##.#.#.#.#C#.#.......#
##..>))(.(#C#.#[#..#.......#
..#...##.#.#C#[#.#.#.......######
...######'###>######.......+([(..
..## #...#(#)#@..#.......#!##..
### #...##.#C.H.........#.)##.
#...#...#(......[...'().##
#############.......#))..#
#########(..## #..##. #.##..
#..... ###############


You could see a titan and a sphinx.

Vanquished Creatures
  Margery (Vaults:4)
  Nikola (Swamp:4)
  2 tentacled monstrosities
  2 liches
  A sphinx (Vaults:3)
  A tentacled starspawn (Abyss:1)
  2 thorn hunters (Swamp:5)
  Frances (Swamp:3)
  A storm dragon (Vaults:5)
  2 tengu reavers (Vaults:4)
  A fire giant (Vaults:4)
  Wiglaf (Swamp:5)
  Louise (Swamp:3)
  9 emperor scorpions
  A balrug (Abyss:1)
  6 ghost moths
  10 vault wardens
  A cacodemon (Vaults:5)
  7 very ugly things
  2 orc warlords
  11 ironheart preservers
  8 stone giants
  A deep elf demonologist (Elf:1)
  2 war gargoyles
  27 vault guards
  An ettin (Vaults:4)
  2 deep elf death magi
  2 green deaths (Swamp:5)
  A rakshasa (Vaults:2)
  5 yaktaur captains
  2 fire dragons
  2 death oozes (Swamp:5)
  2 great orbs of eyes
  3 ice dragons
  4 hydras
  Harold (Orc:3)
  8 death yaks
  5 centaur warriors
  A hell beast (Swamp:5)
  2 deep troll shamans
  11 alligators
  A deep troll earth mage (Vaults:4)
  11 ogre magi
  A tengu warrior (D:12)
  A thrashing horror (Abyss:1)
  A spriggan berserker (Swamp:1)
  A vampire mage (Vaults:2)
  5 hell knights (Vaults:4)
  4 orc high priests
  Nergalle (Lair:5)
  A catoblepas (D:14)
  7 deep elf knights
  A sun demon (Orc:4)
  A storm dragon skeleton (Vaults:4)
  A shadow wraith (Vaults:1)
  4 deep elf summoners (Elf:1)
  4 ice devils (IceCv)
  5 giant orange brains
  An unseen horror (shapeshifter) (Vaults:3)
  2 spriggan druids (Swamp:1)
  17 ironbrand convokers
  9 swamp dragons
  An unseen horror (D:13)
  4 ice statues (IceCv)
  17 deep trolls
  A harpy (Vaults:3)
  3 deep elf conjurers
  17 orc knights
  13 orb spiders
  6 hill giants
  8 orc sorcerers
  28 ugly things
  3 wizards
  A sixfirhy (Vaults:4)
  A phantasmal warrior (Vaults:2)
  A salamander (shapeshifter) (Vaults:4)
  A worldbinder (Abyss:1)
  3 necromancers
  A fire giant zombie (Vaults:4)
  14 hornets
  4 elephants
  A manticore (D:12)
  A shining eye (Abyss:1)
  8 cyclopes
  38 wolf spiders
  15 griffons
  2 centaur zombies
  Maurice (D:8)
  3 moths of wrath
  2 human skeletons (Vaults:3)
  A stone giant skeleton (Vaults:3)
  16 vault sentinels
  2 smoke demons
  A queen ant (Lair:4)
  9 torpor snails
  5 black mambas
  2 naga magi (Vaults:4)
  29 spiny frogs
  2 orange demons (Swamp:5)
  A fire drake (D:9)
  9 demonic crawlers
  12 komodo dragons
  3 kobold demonologists
  A tormentor (Abyss:1)
  56 yaktaurs
  26 jumping spiders
  2 red devils (Abyss:1)
  A merfolk (D:9)
  6 freezing wraiths
  3 tengu conjurers
  2 efreet
  2 golden dragon simulacra (IceCv)
  An ancient zyme (Abyss:1)
  4 deep elf priests
  An anaconda simulacrum (IceCv)
  15 two-headed ogres
  5 baby alligators
  A polar bear (Lair:8)
  A raiju (shapeshifter) (Vaults:2)
  Grinder (D:3)
  9 trolls
  36 blink frogs
  19 bog bodies
  7 blue devils
  11 giant leeches
  A slime creature (shapeshifter) (Vaults:4)
  A raven (shapeshifter) (Vaults:4)
  31 redbacks
  31 slime creatures
  5 basilisks
  5 boulder beetles
  6 wraiths (D:14)
  A stone giant simulacrum (Vaults:4)
  11 ravens
  8 spriggans
  A fire giant simulacrum (Vaults:3)
  2 raiju (Abyss:1)
  2 wyverns
  3 ynoxinuls
  8 deep elf magi
  A spriggan (shapeshifter) (Vaults:2)
  30 trapdoor spiders
  32 tarantellas
  2 dire elephant simulacra (IceCv)
  37 yaks
  2 neqoxecs (Abyss:1)
  2 small abominations (Abyss:1)
  A vampire (D:13)
  4 shadows
  3 hungry ghosts
  10 deep elf fighters
  7 wargs
  13 hippogriffs
  26 insubstantial wisps
  28 swamp worms
  26 water moccasins
  17 wolves
  A hippogriff (shapeshifter) (Vaults:3)
  3 mottled dragons
  3 steam dragons
  6 soldier ants
  34 vampire mosquitoes
  9 swamp drakes
  An ettin simulacrum (IceCv)
  4 sky beasts
  31 spiders
  61 orc warriors
  11 porcupines
  A deep troll skeleton (Vaults:4)
  2 harpy simulacra (IceCv)
  19 ice beasts
  3 black bears
  5 boggarts (D:13)
  4 human zombies
  5 necrophages (Swamp:1)
  2 phantoms
  12 wasps
  A black bear (shapeshifter) (D:13)
  57 ogres
  An eye of draining (D:14)
  4 centaurs
  A boring beetle (Lair:8)
  16 crocodiles
  Duvessa (D:7)
  5 big kobolds
  A brain worm (D:11)
  A yaktaur zombie (Vaults:2)
  3 large abominations
  Blork the orc (D:5)
  41 giant frogs
  14 scorpions
  2 wyvern skeletons (D:6)
  A water moccasin zombie (D:10)
  15 killer bees
  A human simulacrum (Vaults:2)
  Dowan (D:7)
  9 electric eels
  9 crimson imps
  5 jellies
  3 goliath beetles
  2 quasits
  The ghost of Vidiiot the Scratcher, a weakling FeWn (D:4)
  A giant frog zombie (D:10)
  13 hounds
  49 orc wizards
  7 centaur skeletons
  4 giant frog skeletons
  41 orc priests
  14 iguanas
  16 worker ants
  17 sheep
  A killer bee zombie (D:5)
  2 gnolls (D:7)
  A worker ant zombie (D:9)
  67 river rats
  34 adders
  3 shadow imps
  A white imp (Abyss:1)
  2 giant mites
  2 worms
  An adder skeleton (D:8)
  2 giant geckos
  2 oozes (D:4)
  334 orcs
  4 ball pythons
  16 bats
  2 bat skeletons (D:7)
  4 giant cockroaches
  27 goblins
  30 hobgoblins
  14 jackals
  14 quokkas
  4 giant newts
  A giant spore (D:6)
  A hobgoblin zombie (D:7)
  A jackal zombie (D:7)
  25 kobolds
  14 rats
  3 ballistomycetes (D:6)
  A bush (Lair:8)
  A fungus (Lair:8)
  4 plants
2283 creatures vanquished.

Vanquished Creatures (collateral kills)
  An Ice Fiend (IceCv)
  Asterion (Vaults:2)
  An ettin (Vaults:2)
  Josephine (D:14)
  The ghost of dysrexia the Basher, a powerful DrAK of Lugonu (Lair:2)
  8 hydras
  3 orc high priests (Orc:4)
  A necromancer (D:14)
  An oklob plant (Lair:8)
  A smoke demon (Orc:4)
  A spiny frog (Swamp:3)
  2 yaktaurs (Vaults:2)
  A kobold demonologist (Vaults:2)
  2 orange demons
  2 anaconda simulacra (IceCv)
  A bog body (Swamp:3)
  A basilisk (Lair:8)
  A yak (shapeshifter) (D:8)
  A deep elf mage (D:14)
  A neqoxec (Orc:4)
  A vampire mosquito (Swamp:5)
  A swamp worm (Swamp:3)
  A soldier ant (D:10)
  10 orc warriors (Orc:4)
  A porcupine (Lair:7)
  A crocodile (Swamp:3)
  A yaktaur zombie (Vaults:2)
  A water moccasin zombie (D:10)
  A centaur zombie (D:8)
  An elf zombie (D:14)
  A giant frog skeleton (D:8)
  A river rat (Lair:8)
  2 shadow imps
  15 orcs
  A hobgoblin (D:8)
  A kobold (D:8)
72 creatures vanquished.

Vanquished Creatures (others)
  2 stone giants
  A vampire mage (Vaults:2)
  A spriggan druid (Swamp:4)
  4 trolls
  A two-headed ogre (D:8)
  A vampire mosquito (D:13)
  4 ogres
  A centaur (D:6)
  An iguana (D:6)
  An orc wizard (Orc:4)
  2 giant spores
  A bush (Lair:8)
  7 fungi (Lair:8)
  2 plants (Lair:8)
  2 starspawn tentacles (Abyss:1)
  6 starspawn tentacle segments (Abyss:1)
37 creatures vanquished.

Grand Total: 2392 creatures vanquished

Notes
Turn   | Place    | Note
--------------------------------------------------------------
     0 | D:1      | debo, the Minotaur Berserker, began the quest for the Orb.
     0 | D:1      | Reached XP level 1. HP: 19/19 MP: 1/1
    70 | D:1      | Reached skill level 4 in Maces & Flails
   106 | D:1      | Reached XP level 2. HP: 8/26 MP: 1/1
  1003 | D:2      | Reached skill level 5 in Maces & Flails
  1005 | D:2      | Acquired Trog's second power
  1005 | D:2      | Reached XP level 3. HP: 31/31 MP: 2/2
  1645 | D:3      | Reached skill level 6 in Maces & Flails
  1645 | D:3      | Reached XP level 4. HP: 39/39 MP: 2/2
  1719 | D:3      | Noticed Grinder
  1721 | D:3      | Paralysed by Grinder for 5 turns
  1755 | D:3      | Killed Grinder
  1755 | D:3      | Reached skill level 5 in Armour
  1755 | D:3      | Reached XP level 5. HP: 24/45 MP: 2/2
  1755 | D:3      | Reached XP level 6. HP: 27/51 MP: 3/3
  2806 | D:3      | Found a blossoming altar of Fedhas.
  2807 | D:3      | Found a bloodstained altar of Trog.
  2894 | D:4      | Reached skill level 7 in Armour
  3092 | D:4      | Found a staircase to the Ecumenical Temple.
  3108 | D:4      | Noticed Vidiiot's ghost (weakling FeWn)
  3113 | D:4      | Killed Vidiiot's ghost
  3670 | D:4      | Acquired Trog's third power
  3717 | D:4      | Reached XP level 7. HP: 54/57 MP: 3/3
  4137 | D:5      | Entered Level 5 of the Dungeon
  4248 | D:5      | Reached skill level 8 in Maces & Flails
  4307 | D:5      | Noticed Blork the orc
  4316 | D:5      | Killed Blork the orc
  4442 | D:5      | Found a snail-covered altar of Cheibriados.
  4627 | D:5      | Reached skill level 5 in Fighting
  5172 | D:5      | Reached XP level 8. HP: 70/70 MP: 3/3
  5266 | D:6      | Reached skill level 9 in Maces & Flails
  5566 | D:6      | Found a deep blue altar of Sif Muna.
  6031 | D:6      | Reached XP level 9. HP: 83/83 MP: 4/4
  6062 | D:7      | Noticed a kobold demonologist
  6066 | D:7      | Killed a kobold demonologist
  6066 | D:7      | Reached skill level 10 in Maces & Flails
  6079 | D:7      | Received a gift from Trog
  6236 | D:7      | Found a sparkling altar of Nemelex Xobeh.
  6287 | D:7      | Reached skill level 10 in Fighting
  6477 | D:7      | Reached skill level 11 in Maces & Flails
  6610 | D:7      | Found a shimmering altar of Xom.
  6703 | D:7      | Noticed Dowan
  6704 | D:7      | Noticed Duvessa
  6722 | D:7      | Killed Duvessa
  6728 | D:7      | Killed Dowan
  6920 | D:8      | Noticed Maurice
  6949 | D:8      | Killed Maurice
  7114 | D:8      | Noticed a hill giant
  7125 | D:8      | Killed a hill giant
  7125 | D:8      | Reached skill level 12 in Maces & Flails
  7125 | D:8      | Reached XP level 10. HP: 96/96 MP: 4/4
  7187 | D:8      | Noticed an orb spider
  7214 | D:8      | an orb spider changed into a yak
  7744 | D:8      | Found a sacrificial altar of Ru.
  7800 | D:8      | Received a gift from Trog
  8332 | D:9      | Reached skill level 10 in Armour
  8595 | D:9      | Found a radiant altar of Vehumet.
  8672 | D:9      | Found a staircase to the Lair.
  8786 | D:9      | Found a deep blue altar of Sif Muna.
  8903 | D:9      | Found a glowing silver altar of Zin.
  8913 | D:9      | Found Qyirph's Weapon Shop.
  9349 | D:9      | Found a snail-covered altar of Cheibriados.
  9559 | Lair:1   | Entered Level 1 of the Lair of Beasts
  9666 | Lair:1   | Reached XP level 11. HP: 89/102 MP: 1/4
 10350 | D:9      | Reached skill level 5 in Dodging
 11943 | Lair:2   | You fall through a shaft for 2 floors!
 12050 | Lair:4   | Received a gift from Trog
 12270 | Lair:4   | Reached skill level 1 in Staves
 12348 | Lair:4   | Upgraded the game from 0.16-a0-4013-gd591273 to 0.16-a0-4020-g6ff35b5
 12362 | Lair:4   | Noticed a death yak
 12362 | Lair:4   | Noticed a death yak
 12363 | Lair:4   | Noticed a death yak
 12364 | Lair:4   | Noticed a death yak
 12461 | Lair:2   | Noticed dysrexia's ghost (powerful DrAK)
 12475 | Lair:2   | Killed dysrexia's ghost
 12946 | Lair:2   | Noticed a six-headed hydra
 12959 | Lair:2   | Killed a six-headed hydra
 12959 | Lair:2   | Reached skill level 5 in Staves
 13401 | Lair:3   | Received a gift from Trog
 13660 | Lair:3   | Found a sacrificial altar of Ru.
 13769 | Lair:3   | Reached XP level 12. HP: 103/110 MP: 5/5
 13988 | Lair:3   | Received a gift from Trog
 14276 | Lair:3   | Reached skill level 10 in Staves
 14569 | Lair:3   | Received a gift from Trog
 14592 | Lair:3   | Got an ancient quarterstaff {god gift}
 14593 | Lair:3   | Identified the +8 quarterstaff of Night {freeze, Noisy Int+9} (Trog gifted it to you on level 3 of the Lair of Beasts)
 14636 | Lair:4   | Found a shadowy altar of Dithmenos.
 14818 | Lair:4   | Found a staircase to the Swamp.
 15098 | Lair:4   | Found a hole to the Spider Nest.
 15111 | Lair:4   | Killed a death yak
 15125 | Lair:4   | Killed a death yak
 15128 | Lair:4   | Killed a death yak
 15133 | Lair:4   | Killed a death yak
 16246 | Lair:5   | Reached skill level 13 in Staves
 16898 | Lair:5   | Noticed Nergalle
 16907 | Lair:5   | Killed Nergalle
 16913 | Lair:5   | Received a gift from Trog
 17474 | Lair:6   | Reached skill level 14 in Staves
 17694 | Lair:6   | Found a snail-covered altar of Cheibriados.
 17716 | Lair:6   | Reached XP level 13. HP: 94/116 MP: 5/5
 18721 | Lair:7   | Reached skill level 10 in Dodging
 18743 | Lair:7   | Got a bloodstained buckler
 18896 | Lair:7   | Identified the +2 buckler of Parts Unknown {rF+ rC+ Regen+ Int-2 Dex+3} (You found it on level 7 of the Lair of Beasts)
 18951 | Lair:7   | Received a gift from Trog
 19594 | Lair:8   | Entered Level 8 of the Lair of Beasts
 20132 | Lair:8   | Received a gift from Trog
 20482 | Lair:8   | Reached XP level 14. HP: 130/132 MP: 5/5
 21008 | Lair:8   | Received a gift from Trog
 21773 | Lair:8   | Found a staircase to the Slime Pits.
 22243 | D:10     | Entered Level 10 of the Dungeon
 22757 | D:11     | Found a staircase to the Orcish Mines.
 22796 | Orc:1    | Entered Level 1 of the Orcish Mines
 22808 | Orc:1    | Noticed an orc warlord
 22827 | Orc:1    | Received a gift from Trog
 22828 | Orc:1    | Killed an orc warlord
 23396 | Orc:2    | Received a gift from Trog
 23921 | Orc:3    | Found Ysoho's Distillery.
 23939 | Orc:3    | Received a gift from Trog
 23951 | Orc:3    | Reached skill level 15 in Fighting
 24050 | Orc:3    | Found Hoisuas' Jewellery Boutique.
 24097 | Orc:3    | Bought an uncursed ring of protection from magic for 375 gold pieces
 24097 | Orc:3    | Bought an uncursed ring of flight for 262 gold pieces
 24166 | Orc:3    | Bought a potion of agility for 48 gold pieces
 24166 | Orc:3    | Bought a potion of heal wounds for 60 gold pieces
 24220 | Orc:3    | Found Phue's Antique Armour Shoppe.
 24248 | Orc:3    | Bought an embroidered hat for 124 gold pieces
 24248 | Orc:3    | Bought a pair of embroidered gloves for 139 gold pieces
 24322 | Orc:3    | Noticed Harold
 24335 | Orc:3    | Killed Harold
 24420 | Orc:3    | Found Strinneo's Weapon Shoppe.
 24532 | Orc:3    | Found Dogini Choa's Distillery.
 24544 | Orc:3    | Bought a potion of haste for 150 gold pieces
 24544 | Orc:3    | Bought a potion of haste for 150 gold pieces
 24544 | Orc:3    | Bought a potion of poison for 15 gold pieces
 24544 | Orc:3    | Bought a potion of heal wounds for 75 gold pieces
 24732 | Orc:4    | Entered Level 4 of the Orcish Mines
 24752 | Orc:3    | Received a gift from Trog
 25286 | Orc:4    | Received a gift from Trog
 25318 | Orc:4    | Found a roughly hewn altar of Beogh.
 25397 | Orc:4    | thanks buddy
 25625 | Orc:4    | Found Rutit's Weapon Emporium.
 25656 | Orc:4    | Found Beakaf's Gadget Shoppe.
 25766 | Orc:4    | Received a gift from Trog
 25909 | Orc:4    | oh
 25938 | Orc:4    | Noticed an orc warlord
 25957 | Orc:4    | Killed an orc warlord
 25957 | Orc:4    | Reached skill level 15 in Armour
 25993 | Orc:4    | Found a roughly hewn altar of Beogh.
 26017 | Orc:4    | Found Dyeshreohin's Gadget Shoppe.
 26036 | Orc:4    | Gained mutation: You heal slowly when monsters are visible. [a neqoxec]
 26043 | Orc:4    | jesus christ
 26046 | Orc:4    | Received a gift from Trog
 26135 | Orc:4    | Bought a wand of teleportation (4) for 360 gold pieces
 26234 | Orc:4    | Found Ipimn's Jewellery Emporium.
 26306 | Orc:4    | Received a gift from Trog
 26330 | Orc:4    | Got a transparent great mace
 26575 | Orc:4    | Identified the +4 great mace "Meuppys" {crush, rN+ Dex+4} (You found it on level 4 of the Orcish Mines)
 26624 | Orc:4    | uhhhhh
 26635 | Orc:4    | thanks bud
 26637 | Orc:4    | <3
 26992 | Orc:4    | Received a gift from Trog
 27229 | Orc:4    | Reached skill level 16 in Fighting
 27255 | Orc:4    | Found a staircase to the Elven Halls.
 27307 | Orc:4    | Reached XP level 15. HP: 144/144 MP: 7/7
 27310 | Orc:4    | Reached skill level 1 in Evocations
 27483 | Orc:4    | Received a gift from Trog
 27691 | Orc:2    | Found Pniastawn's Quality Used Wands.
 28530 | D:11     | Paralysed by a wizard for 6 turns
 28615 | D:11     | Reached skill level 5 in Evocations
 28746 | D:11     | Upgraded the game from 0.16-a0-4020-g6ff35b5 to 0.16-a0-4024-g0ecf4ac
 28877 | D:12     | Received a gift from Trog
 28901 | D:12     | Got a transparent lajatang {god gift}
 28910 | D:12     | Identified the +9 lajatang of a bazaar {freeze, +Inv +Fly rF-} (Trog gifted it to you on level 12 of the Dungeon)
 29087 | D:12     | Found a flagged portal.
 29104 | Bailey   | Entered a bailey
 29645 | Bailey   | Got a polished executioner's axe
 29648 | Bailey   | Found a roughly hewn altar of Beogh.
 29689 | Bailey   | Identified a scroll of acquirement
 29692 | Bailey   | Got a pair of pitted gloves
 29703 | Bailey   | Identified the -2 pair of gloves "Coix Och" {Str+2 Int+2 Dex-5 SInv} (You acquired it in a bailey)
 29714 | Bailey   | Identified the +9 executioner's axe of Intuition {pain, MR+} (You took it off an orc in a bailey)
 30705 | D:12     | Found a portal to a secret trove of treasure.
 31099 | D:13     | Received a gift from Trog
 31392 | D:13     | Found a blossoming altar of Fedhas.
 31569 | D:13     | oops
 31657 | D:13     | Reached skill level 17 in Armour
 32362 | D:14     | Received a gift from Trog
 32368 | D:14     | uh wow
 32397 | D:14     | Noticed Josephine
 32399 | D:14     | ow
 32404 | D:14     | uh
 32410 | D:14     | Killed Josephine
 32410 | D:14     | Reached skill level 18 in Armour
 32411 | D:14     | thanks buddy <3
 32571 | D:14     | Noticed Roxanne
 32643 | D:14     | Found a gate to the Vaults.
 32719 | D:14     | Found an opulent altar of Gozag.
 33643 | Swamp:1  | Entered Level 1 of the Swamp
 33665 | Swamp:1  | Reached skill level 19 in Armour
 33932 | Swamp:1  | i am more vamp than u
 34210 | Swamp:1  | ......
 34220 | Swamp:1  | uh
 34350 | Swamp:1  | fuck
 34373 | Swamp:1  | ummmm
 34379 | Swamp:1  | good
 34930 | Swamp:1  | Reached XP level 16. HP: 147/152 MP: 21/21
 34952 | Swamp:1  | worst
 34965 | Swamp:1  | f
 35490 | Swamp:2  | Found a frozen archway.
 35491 | Swamp:2  | hi guys
 35533 | IceCv    | Entered an ice cave
 35632 | IceCv    | hi
 35730 | IceCv    | yesss
 35751 | IceCv    | w
 35825 | IceCv    | oh hi
 35844 | IceCv    | hey
 35844 | IceCv    | why did you open that door
 35982 | IceCv    | Reached skill level 20 in Armour
 36087 | IceCv    | Noticed an Ice Fiend
 36091 | IceCv    | i guess that's not nice
 36091 | IceCv    | Killed an Ice Fiend
 36109 | IceCv    | good
 36135 | IceCv    | omg KILL IT
 36604 | IceCv    | annoying
 36683 | IceCv    | ...
 36694 | IceCv    | lol
 36814 | IceCv    | Got an ichor-stained shortbow
 37058 | Swamp:2  | Received a gift from Trog
 37547 | Swamp:2  | that's not very far
 37589 | Swamp:1  | Received a gift from Trog
 37885 | Swamp:1  | Upgraded the game from 0.16-a0-4024-g0ecf4ac to 0.16-a0-4044-gd6c5e7b
 38253 | Swamp:3  | Noticed Louise
 38271 | Swamp:3  | Killed Louise
 38520 | Swamp:3  | Noticed Frances
 38535 | Swamp:3  | Killed Frances
 38919 | Swamp:4  | Noticed Nikola
 38958 | Swamp:4  | Killed Nikola
 38958 | Swamp:4  | Reached skill level 21 in Armour
 39712 | Swamp:4  | Received a gift from Trog
 40109 | Swamp:5  | Entered Level 5 of the Swamp
 40112 | Swamp:5  | Noticed Wiglaf
 40148 | Swamp:5  | Killed Wiglaf
 40421 | Swamp:5  | ugh
 41020 | Swamp:5  | Reached XP level 17. HP: 168/168 MP: 22/22
 41092 | Swamp:5  | Got an amber-encrusted leather armour
 41103 | Swamp:5  | Identified the +0 leather armour of the Saviour {-Tele rC+ Stlth+} (You took it off a spriggan on level 5 of the Swamp)
 41574 | Swamp:5  | Reached skill level 15 in Staves
 41721 | Swamp:5  | Received a gift from Trog
 41891 | Swamp:5  | Got a decaying rune of Zot
 41918 | Swamp:5  | Upgraded the game from 0.16-a0-4044-gd6c5e7b to 0.16-a0-4056-gee4db93
 41985 | Swamp:2  | Reached skill level 1 in Throwing
 42111 | Spider:1 | Entered Level 1 of the Spider Nest
 42148 | Spider:1 | Received a gift from Trog
 42284 | Spider:1 | oh hi i remember you
 42713 | Spider:1 | wow this is a lot of dudes
 42713 | Spider:1 | fuuuuuuucckkk
 42763 | Spider:1 | Reached skill level 5 in Throwing
 43210 | Spider:1 | ok
 43268 | Spider:2 | haha
 43293 | Spider:2 | hi guys
 43295 | Spider:1 | wrong ones :(
 43300 | Spider:1 | oh i thought you were an emperor
 43364 | Spider:2 | h8 u
 43377 | Spider:2 | rip
 43379 | Spider:2 | good
 43392 | Spider:2 | excuse me
 43392 | Spider:2 | i'm busdy
 43460 | Spider:2 | asofidhaisofhoiasdhfoiashfioashfd
 43463 | Spider:2 | yay!
 43538 | Spider:2 | oops
 43581 | Spider:2 | hahahaha
 43610 | Spider:2 | Received a gift from Trog
 43613 | Spider:2 | lame
 43960 | Spider:2 | Received a gift from Trog
 43963 | Spider:2 | stop that
 43989 | Spider:2 | uh
 43993 | Spider:2 | Got a jewelled trident
 43996 | Spider:2 | convenient
 43997 | Spider:2 | Identified the +6 trident "Greog" {freeze, rF+ rC- Str+3} (You found it on level 2 of the Spider Nest)
 44046 | Spider:2 | huh
 44310 | Spider:3 | ughhhhhhhhhh
 44316 | Spider:3 | i have an idea
 44366 | Spider:3 | ...
 44375 | Spider:3 | stupid
 44461 | Spider:3 | hiiii
 44475 | Spider:3 | uhjjjj
 44478 | Spider:3 | good
 44519 | Spider:3 | ...
 44847 | Spider:4 | Received a gift from Trog
 45162 | Spider:4 | good typo
 45186 | Spider:4 | Received a gift from Trog
 45200 | Spider:4 | thanks trog
 45624 | Spider:5 | Entered Level 5 of the Spider Nest
 45626 | Spider:5 | this is looking good already
 45655 | Spider:5 | Reached XP level 18. HP: 172/178 MP: 0/23
 45661 | Spider:5 | hmmn
 45670 | Spider:5 | oh
 45922 | Spider:5 | Received a gift from Trog
 46618 | Spider:5 | uh wow
 46984 | Spider:5 | oh this keeps going
 47275 | Spider:5 | Received a gift from Trog
 47294 | Spider:5 | Got a gossamer rune of Zot
 47560 | Spider:5 | ughhhhhh
 47985 | Spider:5 | fuck you with a rake
 48413 | Elf:1    | Entered Level 1 of the Elven Halls
 48812 | Elf:1    | Received a gift from Trog
 49045 | Elf:1    | Got a bound copper ring
 49046 | Elf:1    | Identified the cursed ring of Music {rC+ Dex-3} (You found it on level 1 of the Elven Halls)
 49151 | Elf:1    | Received a gift from Trog
 49192 | Elf:1    | Gained mutation: You are partially covered in thin metallic scales (AC +2). [potion of beneficial mutation]
 49892 | Vaults:1 | Entered Level 1 of the Vaults
 50147 | Vaults:1 | Found Daustraul's Assorted Antiques.
 50165 | Vaults:1 | Bought a potion of might for 144 gold pieces
 50165 | Vaults:1 | Bought a potion of flight for 108 gold pieces
 50165 | Vaults:1 | Bought a potion of curing for 108 gold pieces
 50165 | Vaults:1 | Bought a blackened chain mail for 342 gold pieces
 50165 | Vaults:1 | Identified the cursed -2 chain mail "Debeim" {MR+ rCorr Str+4 SInv} (You bought it in a shop on level 1 of the Vaults)
 50351 | Vaults:1 | oops
 50537 | Vaults:1 | why
 50549 | Vaults:1 | OMFG FUCKING DIE
 50575 | Vaults:1 | Received a gift from Trog
 50860 | Vaults:1 | what's wrong with you morons
 51134 | Vaults:1 | Reached XP level 19. HP: 186/191 MP: 24/24
 51249 | Vaults:1 | Reached skill level 22 in Fighting
 51364 | Vaults:1 | Received a gift from Trog
 51543 | Vaults:2 | lol
 51653 | Vaults:2 | Found a deep blue altar of Sif Muna.
 51828 | Vaults:2 | good
 51852 | Vaults:2 | Received a gift from Trog
 51898 | Vaults:2 | Noticed Asterion
 51899 | Vaults:2 | what in the actual fuck
 51914 | Vaults:2 | Killed Asterion
 52236 | Vaults:2 | Found a staircase to the Crypt.
 53394 | Vaults:3 | Received a gift from Trog
 53549 | Vaults:3 | Received a gift from Trog
 53589 | Vaults:3 | stop That
 53807 | Vaults:3 | Reached skill level 23 in Fighting
 53999 | Vaults:3 | Got an uncursed ebony great mace
 54003 | Vaults:3 | Identified the +6 great mace of Quarrel {vamp, +Rage} (You took it off a centaur warrior on level 3 of the Vaults)
 54722 | Vaults:3 | Received a gift from Trog
 55122 | Vaults:4 | Reached XP level 20. HP: 204/204 MP: 24/24
 55232 | Vaults:4 | Upgraded the game from 0.16-a0-4056-gee4db93 to 0.16-a0-4072-gc5a8185
 55630 | Vaults:4 | lol
 55696 | Vaults:4 | Received a gift from Trog
 55792 | Vaults:4 | Got an ichor-stained quarterstaff {god gift}
 55796 | Vaults:4 | Identified the +3 quarterstaff "Ustreohiff" {crush, rPois Int+2 SInv} (Trog gifted it to you on level 4 of the Vaults)
 55874 | Vaults:4 | Found Kaititu's Book Shoppe.
 55908 | Vaults:4 | Reached skill level 24 in Fighting
 56035 | Vaults:4 | Got a bloodstained hat
 56049 | Vaults:4 | Identified the +1 hat of the Accordion {rElec} (You found it on level 4 of the Vaults)
 56078 | Vaults:4 | Found a radiant altar of Vehumet.
 56549 | Vaults:4 | Noticed Margery
 56552 | Vaults:4 | what is even happening
 56582 | Vaults:4 | Killed Margery
 56814 | Vaults:4 | help
 56850 | Vaults:4 | Received a gift from Trog
 57224 | Vaults:4 | uhhh
 57428 | Vaults:5 | Entered Level 5 of the Vaults
 57452 | Vaults:4 | Received a gift from Trog
 57509 | Vaults:5 | Cast into the Abyss (vault guard)
 57509 | Abyss:1  | Found a corrupted altar of Lugonu.
 57771 | Abyss:1  | Gained mutation: You are clumsy. (Dex -2) [a shining eye]
 57821 | Abyss:1  | Found a corrupted altar of Lugonu.
 57929 | Abyss:1  | Gained mutation: Your spells are a little easier to cast, but a little less powerful. [a neqoxec]
 57961 | Abyss:1  | Found a corrupted altar of Lugonu.
 57993 | Abyss:1  | Found a corrupted altar of Lugonu.
 58178 | Abyss:1  | good
 58256 | Vaults:5 | Escaped the Abyss
 58278 | Vaults:4 | Reached XP level 21. HP: 204/216 MP: 25/25
 58536 | Vaults:5 | Reached skill level 25 in Fighting
 58651 | Vaults:4 | Received a gift from Trog
 58668 | Vaults:4 | Lost mutation: You are clumsy. (Dex -2) [potion of cure mutation]
 58668 | Vaults:4 | Lost mutation: You heal slowly when monsters are visible. [potion of cure mutation]
 58668 | Vaults:4 | Lost mutation: Your spells are a little easier to cast, but a little less powerful. [potion of cure mutation]
 58668 | Vaults:4 | Lost mutation: You are partially covered in thin metallic scales (AC +2). [potion of cure mutation]
 58878 | Vaults:5 | anyone else?????
 59125 | Vaults:4 | Mangled by a titan

Action                   |  1- 3 |  4- 6 |  7- 9 | 10-12 | 13-15 | 16-18 | 19-21 || total
-------------------------+-------+-------+-------+-------+-------+-------+-------++-------
Melee: Mace              |    40 |       |       |       |       |       |       ||    40
       Whip              |    58 |    54 |       |       |       |       |       ||   112
       Flail             |       |    89 |   221 |       |       |       |       ||   310
       Dire flail        |       |       |   113 |    51 |       |       |       ||   164
       Great mace        |       |       |       |   331 |    15 |       |       ||   346
       Lajatang          |       |       |       |   462 |  2160 |  1967 |  1421 ||  6010
 Fire: Hunting sling     |       |       |    15 |     2 |       |       |       ||    17
Throw: Tomahawk          |       |       |       |       |    19 |    58 |       ||    77
       Javelin           |       |       |       |       |       |    23 |    12 ||    35
Invok: Trog's Hand       |       |     1 |     2 |     1 |    13 |     4 |     1 ||    22
       Berserk           |       |     1 |     1 |     4 |     3 |     6 |     6 ||    21
       Brothers in Arms  |       |       |       |     3 |    10 |     8 |     3 ||    24
       Burn Spellbooks   |       |       |       |     2 |     5 |     6 |     2 ||    15
 Abil: Evoke Flight      |       |       |       |       |     6 |       |     1 ||     7
Evoke: Wand              |       |       |       |       |     2 |     9 |     1 ||    12
       Deck              |       |       |       |       |       |       |     1 ||     1
       Stone of tremors  |       |       |       |       |       |       |     1 ||     1
  Use: Scroll            |     1 |     5 |     7 |     7 |    21 |    27 |     8 ||    76
       Potion            |       |       |       |     2 |     2 |     6 |     2 ||    12
 Stab: Confused          |       |       |       |       |     1 |     1 |       ||     2
       Distracted        |       |       |       |       |       |       |     1 ||     1
  Eat: Chunk             |     2 |     3 |    11 |    27 |    37 |    17 |    13 ||   110
       Bread ration      |       |     1 |       |       |       |       |       ||     1
       Pizza             |       |       |     1 |     2 |     1 |       |     2 ||     6
       Fruit             |       |       |       |     4 |     4 |     6 |     4 ||    18
       Beef jerky        |       |       |       |     4 |     2 |     2 |     2 ||    10
       Meat ration       |       |       |       |     3 |     9 |     8 |     2 ||    22
       Royal jelly       |       |       |       |       |     4 |     1 |       ||     5
